Map: Refinery XJ-17

Players

A.I. 1 (Elite) - Winner!

  • Race: Terran Terran
  • Spawn Location: 5:00

A.I. 2 (Elite)

  • Race: Zerg Zerg
  • Spawn Location: 7:00

A.I. 3 (Elite) - Winner!

  • Race: Terran Terran
  • Spawn Location: 3:00

A.I. 4 (Elite)

  • Race: Zerg Zerg
  • Spawn Location: 7:00

VOD

Have the link to the VOD?

Description

Time

  • Played on: Aug. 19, 2017, 11:56 p.m.
  • Length: 21:45
Show
View Real Time Build Order
Export as new Build Order

A.I. 1 (Elite) Terran - Winner!

Build Orders: Command Center First (CC), MMM Bio 

Get SALT Encoding   

  12  0:01  SCV  
  13  0:13  SCV  
  14  0:19  Supply Depot  
  14  0:25  SCV  
  15  0:41  SCV  
  16  0:53  SCV  
  17  1:05  SCV, Command Center  
  18  1:19  Barracks  
  18  1:21  SCV  
  19  1:49  Supply Depot  
  19  1:54  Refinery  
  19  1:56  SCV  
  20  2:05  Marine  
  21  2:09  Orbital Command  
  21  2:16  Barracks  
  21  2:17  SCV  
  22  2:23  Marine  
  22  2:25  Refinery  
  22  2:29  SCV  
  24  2:40  Supply Depot  
  24  2:41  Marine  
  24  2:42  SCV  
  26  2:52  Orbital Command  
  26  2:57  SCV  
  27  2:59  Marine  
  27  3:03  Marine  
  29  3:09  SCV, Factory  
  30  3:16  Marine  
  30  3:18  SCV  
  32  3:20  Marine  
  32  3:22  SCV  
  34  3:30  SCV  
  34  3:34  Marine, SCV  
  36  3:38  Marine  
  36  3:40  Barracks  
  38  3:42  SCV  
  38  3:46  SCV  
  40  3:53  Barracks Tech Lab, Factory Tech Lab  
  40  3:54  SCV  
  41  3:58  Barracks Tech Lab, Starport, SCV  
  42  4:07  SCV  
  43  4:10  SCV  
  43  4:11  Marine  
  43  4:12  Stimpack  
  43  4:16  Marine, Supply Depot, Combat Shields  
  46  4:22  SCV  
  46  4:23  SCV  
  48  4:27  Marine  
  48  4:29  Marine  
  50  4:34  Marine, SCV  
  50  4:35  SCV  
  53  4:38  Medivac, Supply Depot  
  55  4:46  SCV  
  55  4:47  SCV  
  55  4:51  Marine  
  55  4:52  Marine, Supply Depot  
  59  4:53  Siege Tank  
  62  5:00  Marine, SCV x2  
  62  5:01  Supply Depot  
  65  5:08  Refinery  
  65  5:09  Marauder  
  65  5:10  Marauder  
  65  5:12  SCV  
  70  5:16  SCV, Refinery  
  71  5:24  SCV  
  71  5:28  SCV  
  73  5:31  Hellion, Marauder  
  73  5:32  Marauder  
  73  5:33  Supply Depot  
  79  5:36  SCV, Command Center  
  80  5:47  SCV  
  80  5:49  SCV  
  82  5:52  Marauder  
  82  5:53  Hellion  
  82  5:55  Marauder  
  88  5:59  Supply Depot  
  88  6:00  SCV  
  88  6:01  SCV  
  90  6:08  Engineering Bay  
  90  6:13  Marauder  
  90  6:14  Hellion  
  94  6:19  Barracks Reactor, Engineering Bay  
  94  6:21  Marauder  
  94  6:22  Concussive Shells  
  94  6:24  Supply Depot  
  96  6:35  Terran Infantry Armor Level 1, Siege Tank, Marauder  
  96  6:36  Missile Turret  
  96  6:38  Missile Turret  
  101  6:44  Terran Infantry Weapons Level 1  
  101  6:46  Medivac, Marauder  
  105  6:49  Barracks  
  105  6:51  Supply Depot, SCV x2  
  105  6:52  SCV  
  108  7:03  SCV  
  108  7:04  Orbital Command, Missile Turret, SCV  
  108  7:07  Siege Tank  
  113  7:15  SCV  
  114  7:16  SCV  
  114  7:18  Armory, Starport Reactor  
  115  7:24  Armory  
  115  7:27  Missile Turret, SCV  
  115  7:29  SCV x2  
  118  7:33  Supply Depot  
  118  7:34  Command Center  
  118  7:39  SCV  
  118  7:41  SCV  
  118  7:43  SCV  
  121  7:47  Siege Tank  
  121  7:48  Marauder  
  121  7:51  SCV, Marauder  
  128  7:53  SCV  
  128  7:55  SCV  
  128  7:57  Supply Depot  
  131  8:06  Terran Vehicle And Ship Armor Level 1  
  131  8:07  Missile Turret  
  131  8:12  Terran Vehicle Weapons Level 1  
  131  8:15  Refinery  
  131  8:18  Widow Mine  
  133  8:21  Supply Depot  
  133  8:24  Refinery  
  133  8:25  Medivac  
  135  8:29  Missile Turret  
  135  8:38  Factory, SCV  
  136  8:47  Siege Tank  
  136  8:48  Supply Depot, SCV  
  140  8:49  Terran Infantry Weapons Level 2, Unknown  
  140  9:04  Planetary Fortress  
  140  9:05  Refinery  
  140  9:09  Missile Turret  
  140  9:15  Missile Turret  
  140  9:20  Hellion  
  140  9:21  Missile Turret, Marauder  
  140  9:22  Marauder  
  140  9:23  Hellion, Command Center  
  148  9:26  Refinery  
  148  9:32  Starport  
  148  9:36  Supply Depot  
  148  9:41  Hellion  
  148  9:45  Hellion  
  152  9:47  Missile Turret  
  152  9:51  Marine  
  152  9:52  Marine  
  151  9:55  Marine  
  151  9:59  Missile Turret  
  144  10:02  Thor  
  144  10:03  Missile Turret  
  144  10:05  Unknown  
  144  10:06  Hellion  
  150  10:07  Marine  
  150  10:08  Unknown  
  150  10:09  Supply Depot, Unknown  
  150  10:10  Starport Tech Lab, Marauder x2  
  150  10:11  Marine  
  150  10:12  Marine  
  108  10:25  Marine  
  109  10:29  Raven, Factory Tech Lab  
  109  10:30  Viking, Marine  
  109  10:32  Marine, Marauder x2  
  119  10:39  Viking  
  121  10:42  Marine  
  121  10:45  Thor  
  121  10:48  Thor, Marine  
  135  10:53  Marine, Marauder  
  135  10:56  Marine  
  139  11:00  Viking, Marine  
  142  11:09  Viking  
  146  11:11  Marauder  
  146  11:12  Viking  
  146  11:15  Marauder  
  150  11:25  Refinery  
  150  11:26  Marine  
  150  11:28  Siege Tank  
  150  11:30  Viking  
  150  11:31  Marine, Siege Tank  
  152  11:32  Planetary Fortress, Marauder  
  152  11:34  Marine  
  152  11:36  Marauder  
  152  11:39  Viking, Missile Turret  
  156  11:42  Medivac  
  156  11:43  Missile Turret  
  156  11:44  Marine  
  159  11:49  Marine, Missile Turret  
  160  11:57  Marauder  
  160  11:59  Widow Mine  
  160  12:00  Medivac  
  166  12:03  Siege Tank  
  166  12:08  Barracks  
  169  12:09  Medivac, Command Center  
  169  12:10  Barracks Tech Lab  
  169  12:12  Medivac  
  173  12:29  Hellion  
  175  12:36  Hellion  
  177  12:38  Missile Turret  
  177  12:42  Raven  
  179  12:45  Marine  
  179  12:46  Marine, Refinery  
  179  12:49  Marine  
  179  12:50  Siege Tank  
  185  12:51  Marine  
  185  12:54  Marine  
  185  12:56  Widow Mine  
  185  12:58  Unknown x2  
  171  12:59  Marine  
  171  13:03  Viking, Marauder  
  171  13:04  Marine, Terran Vehicle Weapons Level 2  
  171  13:05  Liberator  
  165  13:07  Marine  
  165  13:09  Marine, Terran Infantry Weapons Level 3  
  165  13:10  Terran Infantry Armor Level 2  
  161  13:12  Marauder  
  161  13:13  Terran Vehicle And Ship Armor Level 2  
  161  13:16  Marine  
  148  13:22  Cyclone, Marauder  
  148  13:23  Planetary Fortress  
  148  13:24  Marine  
  148  13:25  Marine, Siege Tank  
  159  13:27  Marine  
  162  13:34  Marine, Marauder  
  162  13:36  Medivac  
  161  13:42  Marauder  
  161  13:44  Marine, Marauder  
  161  13:45  Unknown  
  161  13:46  Marine, Missile Turret  
  161  13:48  Raven  
  147  13:53  Marine  
  147  13:54  Hellion  
  146  13:55  Marauder  
  146  13:57  Missile Turret, Widow Mine  
  146  14:02  Marine  
  149  14:03  Missile Turret  
  149  14:04  Marauder  
  149  14:05  Marine, Marauder  
  154  14:11  Marine  
  154  14:15  Command Center, Widow Mine  
  154  14:17  Marauder  
  159  14:18  Liberator  
  159  14:25  Marauder  
  159  14:26  Hellion  
  159  14:27  Medivac  
  165  14:37  Marine  
  169  14:39  Marine  
  169  14:41  Marauder  
  169  14:43  Marine  
  169  14:44  Marine, Hellion  
  176  14:46  Marauder  
  176  14:47  Widow Mine  
  180  15:05  Siege Tank  
  183  15:15  Thor  
  189  15:29  Planetary Fortress  
  189  15:37  Thor  
  195  15:53  Missile Turret  
  195  15:55  Command Center  
  195  15:59  Hellion  
  195  16:02  Missile Turret  
  197  16:08  Missile Turret  
  197  16:14  Terran Vehicle Weapons Level 3  
  197  16:15  Marine  
  197  16:17  Marine  
  197  16:18  Marine, High Capacity Fuel Tanks  
  199  16:19  Hi-Sec Auto Tracking  
  199  16:20  Building Armor  
  199  16:21  Terran Vehicle And Ship Armor Level 3  
  200  16:59  Refinery  
  200  17:04  Refinery  
  200  17:10  Refinery  
  200  17:16  Terran Infantry Armor Level 3  
  200  17:19  Planetary Fortress  
  200  17:22  Refinery  
  200  17:28  Missile Turret  
  200  17:36  SCV  
  200  17:44  Missile Turret  
  200  17:52  Missile Turret  
  200  17:56  Refinery  
  200  18:03  Unknown  
  200  18:11  Refinery  
  200  18:36  Cyclone  
  200  18:55  Marine  
  200  18:57  Marine  
  200  18:58  Marine  
  200  19:04  Marine  
  200  19:07  Marine  
  200  19:08  Marine  
  199  19:11  Widow Mine  
Show
View Real Time Build Order
Export as new Build Order

A.I. 2 (Elite) Zerg 

Build Orders: Hatch First 

Get SALT Encoding   

  12  0:00  Drone  
  13  0:12  Overlord  
  13  0:17  Drone  
  14  0:30  Drone x2  
  14  0:34  Drone  
  17  0:53  Hatchery  
  17  0:56  Drone  
  17  1:13  Spawning Pool  
  17  1:14  Extractor  
  17  1:18  Drone  
  16  1:21  Drone  
  17  1:26  Drone  
  17  1:29  Drone  
  19  1:39  Overlord  
  19  1:50  Drone  
  20  2:00  Zergling x2  
  20  2:01  Queen  
  21  2:05  Drone  
  24  2:17  Queen  
  24  2:19  Drone  
  27  2:32  Roach Warren  
  27  2:34  Drone  
  27  2:36  Extractor  
  26  2:39  Drone  
  27  2:45  Overlord  
  27  2:51  Drone  
  28  2:53  Drone  
  28  2:56  Drone  
  30  3:00  Drone  
  30  3:02  Drone  
  32  3:06  Zergling x2  
  32  3:09  Zergling x2  
  34  3:13  Roach  
  34  3:17  Roach  
  38  3:22  Roach  
  38  3:26  Roach  
  42  3:28  Drone  
  42  3:30  Drone  
  44  3:36  Overlord  
  44  3:43  Lair  
  44  3:55  Drone x3  
  47  3:56  Drone  
  47  3:57  Drone  
  47  3:59  Drone  
  47  4:02  Drone  
  51  4:04  Drone  
  51  4:09  Overlord  
  52  4:27  Drone x2  
  52  4:28  Zergling x6, Drone x3  
  60  4:32  Overlord  
  60  4:36  Overlord  
  60  4:44  Hydralisk Den, Drone  
  60  4:46  Infestation Pit, Drone  
  60  4:51  Roach x3  
  66  4:53  Roach  
  66  4:56  Overlord  
  68  5:14  Hydralisk  
  68  5:15  Hydralisk x2  
  68  5:16  Hydralisk  
  68  5:17  Drone  
  68  5:18  Drone  
  68  5:21  Overlord  
  78  5:25  Hive  
  78  5:30  Infestor  
  80  5:37  Overlord  
  80  5:39  Overlord  
  80  5:44  Evolution Chamber, Drone  
  80  5:49  Overlord, Evolution Chamber, Drone  
  80  5:53  Overlord  
  80  5:59  Infestor  
  80  6:00  Zergling x2  
  80  6:01  Zergling x2  
  80  6:03  Zergling x2  
  85  6:04  Zergling x2  
  85  6:06  Zergling x2  
  85  6:08  Zergling x2  
  88  6:11  Overlord  
  88  6:14  Overlord  
  88  6:26  Infestor  
  88  6:27  Drone  
  88  6:29  Extractor  
  88  6:30  Drone  
  88  6:32  Extractor  
  90  6:33  Drone  
  91  6:40  Evolution Chamber  
  91  6:42  Drone  
  91  6:52  Drone  
  91  6:53  Drone x2  
  94  6:55  Drone  
  94  6:56  Drone x2  
  97  7:04  Ultralisk Cavern  
  97  7:06  Drone  
  97  7:07  Hatchery  
  96  7:09  Drone  
  97  7:24  Overseer  
  97  7:32  Metabolic Boost  
  97  7:42  Zerg Melee Weapons Level 1  
  97  7:52  Zerg Missile Weapons Level 1, Spine Crawler, Ultralisk  
  97  7:55  Spine Crawler  
  101  8:10  Ultralisk  
  107  8:19  Drone  
  108  8:20  Drone x2  
  108  8:21  Drone x2  
  108  8:22  Drone x2  
  108  8:23  Drone x2  
  108  8:24  Drone x2  
  108  8:25  Drone x2  
  108  8:26  Drone  
  121  8:27  Drone x2  
  121  8:28  Drone x2  
  121  8:29  Drone  
  121  8:30  Drone  
  121  8:31  Zerg Ground Armor Level 1  
  126  8:43  Extractor  
  126  8:45  Baneling Nest  
  126  8:46  Extractor  
  126  8:48  Drone  
  124  8:50  Ultralisk  
  124  8:51  Overlord  
  124  8:52  Spore Crawler  
  124  8:55  Hatchery  
  128  9:06  Drone  
  128  9:07  Drone  
  128  9:09  Overlord, Ultralisk, Drone  
  137  9:11  Drone x2  
  139  9:19  Roach  
  139  9:20  Queen  
  139  9:21  Infestor  
  139  9:23  Spore Crawler, Roach  
  136  9:24  Roach  
  136  9:25  Drone  
  136  9:26  Roach  
  136  9:27  Spore Crawler  
  136  9:28  Drone  
  139  9:31  Spine Crawler  
  139  9:32  Roach, Drone  
  139  9:33  Roach  
  141  9:43  Roach  
  141  9:44  Overlord  
  141  9:45  Roach  
  145  9:48  Zergling x4  
  145  9:49  Zergling x2  
  145  9:50  Zergling x2  
  145  9:51  Zergling x2  
  145  9:52  Hydralisk, Zergling x2  
  134  9:58  Hydralisk  
  133  10:01  Zergling x2  
  133  10:02  Hydralisk, Zergling x2  
  133  10:05  Hydralisk  
  135  10:07  Zergling x2  
  135  10:09  Drone  
  132  10:15  Drone  
  132  10:16  Drone  
  132  10:17  Drone  
  132  10:18  Drone  
  132  10:19  Drone  
  137  10:22  Drone  
  137  10:26  Drone  
  140  10:28  Drone  
  140  10:32  Drone  
  140  10:33  Baneling  
  140  10:34  Zergling x2  
  140  10:35  Zergling x2  
  143  10:36  Baneling, Zergling x2  
  143  10:37  Baneling  
  143  10:39  Zergling x2  
  143  10:40  Zergling x2  
  143  10:42  Hatchery  
  145  10:43  Zergling x2  
  145  10:45  Drone  
  145  10:48  Extractor  
  145  10:49  Infestor  
  148  10:51  Drone  
  149  10:59  Baneling  
  149  11:01  Baneling x2  
  149  11:02  Zergling x2  
  149  11:03  Baneling, Zerg Melee Weapons Level 2  
  147  11:04  Overlord  
  147  11:05  Zerg Missile Weapons Level 2, Zergling x2  
  147  11:07  Zergling x2  
  147  11:08  Zergling x2  
  147  11:09  Zergling x2  
  148  11:16  Zergling x2  
  134  11:23  Baneling x2, Centrifical Hooks  
  134  11:27  Zergling x2  
  134  11:32  Extractor, Hydralisk  
  112  11:34  Roach  
  112  11:36  Roach x2  
  112  11:37  Roach  
  112  11:38  Drone  
  107  11:40  Hydralisk  
  107  11:45  Hydralisk  
  111  11:51  Hydralisk  
  111  11:53  Extractor  
  111  11:55  Drone  
  111  11:56  Drone  
  111  11:57  Overseer  
  113  12:13  Ultralisk  
  119  12:20  Drone x2  
  119  12:21  Drone x2  
  118  12:24  Drone  
  118  12:26  Ultralisk  
  118  12:28  Baneling  
  118  12:29  Zergling x2  
  124  12:30  Drone  
  124  12:31  Drone  
  124  12:32  Drone x2  
  124  12:33  Drone  
  124  12:34  Drone x2  
  124  12:35  Drone  
  124  12:36  Drone  
  124  12:37  Drone  
  125  12:39  Baneling x2  
  125  12:40  Zergling x2  
  125  12:41  Baneling x2  
  125  12:42  Zergling x2  
  128  12:44  Drone  
  128  12:49  Baneling  
  128  12:50  Drone  
  123  12:51  Drone  
  123  12:53  Drone  
  123  12:55  Drone  
  123  12:56  Drone  
  123  12:58  Drone  
  123  13:00  Drone  
  123  13:01  Drone  
  123  13:02  Drone  
  125  13:07  Drone  
  125  13:08  Drone  
  125  13:09  Drone  
  125  13:10  Drone  
  125  13:11  Drone x2  
  128  13:17  Zergling x2  
  128  13:18  Zergling x2  
  123  13:22  Drone  
  123  13:24  Zergling x2  
  123  13:25  Ultralisk  
  131  13:30  Drone  
  131  13:31  Overseer  
  131  13:36  Ultralisk  
  137  13:44  Spire  
  137  13:45  Baneling  
  136  13:49  Infestor  
  136  13:51  Infestor  
  136  13:53  Baneling, Zergling x2  
  136  13:54  Baneling  
  136  13:55  Overlord  
  141  13:57  Infestor  
  141  14:01  Zergling x2  
  141  14:02  Baneling  
  150  14:10  Ultralisk  
  150  14:15  Overlord  
  150  14:21  Zerg Melee Weapons Level 3  
  150  14:30  Hatchery  
  149  14:35  Zerg Ground Armor Level 2  
  149  14:36  Extractor  
  148  14:45  Spine Crawler  
  148  14:50  Roach  
  148  14:51  Roach, Hydralisk  
  148  14:52  Spine Crawler  
  136  14:53  Hydralisk, Zergling x2  
  136  14:54  Roach  
  136  14:55  Hydralisk  
  136  14:56  Zergling x2  
  136  14:57  Mutalisk  
  136  14:58  Roach  
  133  15:01  Hydralisk  
  133  15:03  Zergling x2  
  133  15:04  Zergling x2  
  120  15:07  Zergling x2  
  120  15:09  Zergling x2  
  120  15:11  Zergling x2  
  120  15:13  Zergling x2  
  119  15:15  Zergling x2  
  119  15:17  Zergling x2  
  119  15:20  Zergling x2  
  107  15:23  Zergling x2  
  92  15:28  Roach  
  92  15:31  Roach  
  92  15:35  Roach  
  79  15:40  Roach  
  79  15:41  Baneling x3  
  76  15:44  Hydralisk  
  78  15:55  Hydralisk  
  78  16:02  Hydralisk  
  55  16:31  Hydralisk  
  57  16:35  Drone  
  57  16:37  Drone  
  59  16:40  Drone  
  59  16:43  Drone  
  59  16:46  Drone  
  62  16:48  Drone  
  62  16:52  Drone  
  62  16:53  Drone  
  22  19:27  Drone  
  22  19:28  Drone  
  22  19:29  Drone x2  
  22  19:30  Zergling x2  
Show
View Real Time Build Order
Export as new Build Order

A.I. 3 (Elite) Terran - Winner!

Build Orders: MMM Bio 

Get SALT Encoding   

  12  0:00  SCV  
  13  0:13  SCV  
  14  0:19  Supply Depot  
  14  0:25  SCV  
  15  0:41  SCV  
  16  0:44  Barracks  
  16  0:53  SCV  
  17  1:05  SCV  
  18  1:17  Supply Depot, SCV  
  19  1:23  Refinery  
  19  1:29  SCV  
  20  1:32  Marine  
  21  1:41  SCV  
  22  1:50  Marine  
  22  1:53  SCV  
  24  1:54  Barracks  
  24  1:58  Refinery  
  24  2:06  Orbital Command, Supply Depot  
  24  2:08  Marine  
  25  2:26  Marine  
  26  2:31  SCV  
  27  2:43  SCV  
  27  2:44  Marine  
  29  2:51  Command Center  
  29  3:05  Factory, SCV  
  30  3:08  Marine  
  30  3:10  Marine  
  32  3:17  SCV  
  33  3:26  Marine  
  34  3:28  Marine  
  34  3:29  SCV  
  36  3:41  SCV  
  36  3:45  Barracks Tech Lab, Barracks  
  37  3:48  Barracks Tech Lab  
  37  3:53  SCV  
  38  4:00  Starport, Factory Tech Lab  
  38  4:03  SCV  
  38  4:05  SCV  
  40  4:12  Marine  
  40  4:13  Marine  
  40  4:15  SCV  
  43  4:17  SCV  
  43  4:19  Stimpack  
  43  4:23  Combat Shields  
  44  4:27  SCV  
  44  4:29  SCV, Supply Depot  
  44  4:31  Marine  
  47  4:33  Marine  
  48  4:39  SCV  
  48  4:41  Medivac  
  48  4:42  SCV  
  48  4:43  Marine  
  53  4:49  Marine  
  53  4:51  Marine  
  53  4:52  Orbital Command  
  55  4:54  SCV  
  56  5:02  Supply Depot  
  56  5:06  SCV  
  57  5:08  Marauder  
  57  5:10  Marauder  
  61  5:29  Marauder  
  61  5:31  Marauder  
  61  5:32  Supply Depot  
  65  5:42  Ghost Academy  
  65  5:46  Hellion  
  67  5:50  Marauder  
  67  5:54  Marauder  
  67  5:55  Supply Depot  
  71  6:00  Command Center  
  71  6:07  Hellion  
  73  6:12  Ghost  
  75  6:19  Supply Depot  
  75  6:25  Ghost  
  75  6:28  Hellion  
  79  6:33  Engineering Bay  
  79  6:51  Engineering Bay  
  79  6:52  Barracks Reactor  
  79  6:55  Marauder  
  79  6:56  Marauder  
  79  6:57  Concussive Shells  
  79  6:59  Terran Infantry Armor Level 1  
  83  7:11  Supply Depot  
  83  7:16  Marauder  
  83  7:17  Terran Infantry Weapons Level 1  
  85  7:33  Medivac, Marauder  
  89  7:37  Ghost  
  91  7:49  Unknown  
  91  7:54  Refinery  
  91  7:55  Command Center  
  91  8:00  Ghost  
  91  8:05  Personal Cloaking  
  93  8:12  Orbital Command  
  93  8:29  Missile Turret  
  93  8:33  Missile Turret  
  93  8:39  Medivac  
  95  8:42  Missile Turret  
  95  8:45  Marine  
  95  8:46  Marine  
  97  8:48  Barracks  
  97  8:49  Marine  
  97  8:51  Marine  
  99  9:08  Supply Depot  
  99  9:09  Starport Reactor, SCV  
  100  9:10  SCV  
  100  9:12  SCV  
  100  9:15  SCV  
  103  9:21  SCV  
  103  9:22  SCV  
  105  9:25  SCV  
  105  9:27  SCV  
  107  9:33  SCV  
  107  9:34  SCV  
  107  9:37  SCV  
  110  9:39  SCV  
  110  9:45  SCV, Medivac  
  114  9:46  SCV  
  114  9:49  SCV  
  114  9:51  SCV  
  117  9:57  SCV  
  117  9:59  SCV  
  119  10:01  SCV  
  119  10:03  Armory, SCV  
  121  10:10  Marauder  
  121  10:11  Missile Turret  
  121  10:13  Supply Depot, Marauder  
  125  10:17  Planetary Fortress  
  125  10:18  Command Center  
  125  10:31  Marauder  
  125  10:35  Marauder  
  129  10:40  Supply Depot  
  129  10:46  Refinery  
  129  10:47  Viking  
  131  10:51  Terran Infantry Weapons Level 2  
  131  10:53  Thor, Marauder  
  131  10:56  Marauder  
  141  10:59  Unknown  
  141  11:01  Refinery  
  140  11:09  Marine  
  140  11:10  Marine, Supply Depot  
  140  11:11  Marine  
  119  11:14  Unknown, Marauder  
  119  11:15  Unknown  
  119  11:17  Refinery  
  119  11:18  Marauder  
  83  11:26  SCV  
  83  11:27  Marine  
  83  11:28  Marine  
  83  11:29  Marine, SCV  
  85  11:33  SCV  
  85  11:35  Marine  
  85  11:36  SCV, Hellion  
  85  11:39  Marauder  
  89  11:40  SCV  
  89  11:44  Marine  
  91  11:50  Marine  
  91  11:52  Ghost  
  94  11:55  Marine  
  94  11:57  Thor, SCV  
  94  12:00  SCV, Marauder  
  105  12:01  SCV  
  105  12:04  SCV  
  105  12:05  SCV  
  105  12:07  Marine  
  109  12:09  Marine, SCV  
  109  12:12  SCV  
  112  12:19  SCV  
  112  12:20  SCV x2  
  112  12:22  SCV  
  116  12:24  SCV  
  117  12:31  SCV  
  117  12:34  SCV  
  117  12:35  Viking, Factory, SCV  
  122  12:39  Viking  
  122  12:40  Hellion  
  126  12:53  Marauder  
  128  12:58  Marine  
  128  13:02  Hellion  
  131  13:05  Viking  
  131  13:07  Missile Turret  
  131  13:09  Viking  
  135  13:13  Missile Turret, Planetary Fortress  
  135  13:14  Marauder  
  135  13:16  Missile Turret  
  135  13:19  Hellion  
  139  13:20  Infernal Pre-Igniter  
  139  13:22  Missile Turret  
  139  13:23  Siege Tank  
  142  13:29  Factory  
  142  13:35  Viking  
  142  13:36  Marine  
  142  13:38  Refinery  
  142  13:40  Marauder  
  142  13:41  Hellion  
  149  13:43  Supply Depot  
  149  13:46  Command Center  
  149  13:55  Hellion, Marauder  
  151  14:05  Hellion, Unknown  
  151  14:09  Armory  
  153  14:11  Refinery  
  153  14:12  Widow Mine  
  153  14:15  Terran Infantry Weapons Level 3  
  153  14:16  Thor, Supply Depot  
  161  14:17  Medivac  
  161  14:21  Missile Turret  
  161  14:24  Unknown, Terran Vehicle Weapons Level 1  
  163  14:26  Widow Mine  
  163  14:30  Missile Turret  
  165  14:36  Missile Turret, Unknown  
  165  14:43  Missile Turret  
  165  14:47  Marauder  
  165  14:49  Marauder  
  165  14:50  Supply Depot  
  165  14:51  Factory Tech Lab  
  157  14:57  Marine  
  157  14:59  Thor, Marine  
  158  15:00  Marine  
  158  15:02  Hellion  
  154  15:08  Marauder  
  154  15:10  Marauder, Hellion, Refinery  
  151  15:15  Marine  
  151  15:17  Marine  
  151  15:20  Marine  
  147  15:30  Marauder  
  147  15:31  Thor, Marine  
  147  15:33  Marine  
  147  15:34  Terran Infantry Armor Level 2  
  153  15:36  Hellion  
  153  15:37  Refinery  
  153  15:41  Terran Vehicle And Ship Armor Level 1  
  153  15:42  Hellion  
  155  15:44  Missile Turret  
  155  15:46  Planetary Fortress  
  155  15:52  Missile Turret  
  155  15:55  Missile Turret  
  155  16:02  Missile Turret, Hellion  
  155  16:03  Siege Tank  
  160  16:14  Siege Tank  
  163  16:23  Marine, Hellion  
  163  16:24  SCV  
  166  16:28  Marine  
  166  16:30  Marine  
  166  16:31  Marine  
  166  16:32  Marine  
  169  16:35  Siege Tank  
  173  16:41  Marine  
  173  16:44  Hellion  
  173  16:45  Marine  
  173  16:46  Siege Tank  
  180  16:51  SCV  
  180  16:52  Marine  
  181  17:02  Terran Vehicle Weapons Level 2  
  181  17:06  Hellion  
  181  17:07  Siege Tank  
  186  17:18  Siege Tank  
  189  17:27  Cyclone  
  192  17:39  Terran Vehicle And Ship Armor Level 2  
  192  17:40  Siege Tank  
  195  17:50  Cyclone  
  198  17:53  Terran Infantry Armor Level 3  
  198  17:57  Starport  
  198  17:59  Factory Tech Lab  
  198  18:01  Command Center  
  198  18:16  Hi-Sec Auto Tracking  
  198  18:20  Factory  
  198  18:33  Starport Tech Lab  
  196  18:52  Raven  
  198  19:13  Building Armor  
  198  19:15  Hellion  
  198  19:34  Raven  
  200  19:53  Planetary Fortress, Refinery  
  200  20:26  Missile Turret  
  200  20:27  Command Center  
  200  20:32  Missile Turret  
  200  20:37  Missile Turret  
  200  20:39  Refinery  
Show
View Real Time Build Order
Export as new Build Order

A.I. 4 (Elite) Zerg 

Build Orders: Hatch First 

Get SALT Encoding   

  12  0:01  Drone  
  13  0:12  Overlord  
  13  0:17  Drone  
  14  0:30  Drone x2  
  14  0:34  Drone  
  17  0:52  Hatchery  
  17  0:57  Drone  
  17  1:13  Spawning Pool  
  17  1:15  Drone  
  17  1:19  Extractor  
  17  1:21  Drone  
  17  1:25  Drone  
  18  1:30  Drone  
  19  1:38  Overlord  
  19  1:49  Drone  
  20  2:00  Zergling x2  
  20  2:01  Queen  
  21  2:04  Drone  
  24  2:16  Queen  
  24  2:20  Drone  
  27  2:33  Roach Warren  
  27  2:35  Extractor  
  27  2:36  Drone  
  26  2:39  Drone  
  27  2:45  Overlord  
  27  2:49  Drone  
  28  2:53  Drone  
  28  2:56  Drone  
  30  2:58  Drone  
  30  3:03  Drone  
  30  3:05  Zergling x2  
  33  3:09  Zergling x2  
  34  3:14  Roach  
  34  3:19  Roach  
  38  3:22  Roach  
  38  3:26  Roach  
  42  3:29  Drone  
  42  3:32  Drone  
  44  3:37  Overlord  
  44  3:44  Lair  
  44  3:55  Drone  
  44  3:56  Drone x2  
  44  3:57  Drone  
  44  3:59  Drone  
  44  4:02  Drone  
  50  4:03  Drone  
  50  4:06  Drone  
  52  4:10  Overlord  
  52  4:29  Zergling x2, Drone x5  
  52  4:30  Zergling x4  
  60  4:33  Overlord  
  60  4:36  Overlord  
  60  4:46  Spire, Drone  
  60  4:49  Infestation Pit, Drone  
  60  4:51  Roach  
  60  4:52  Roach  
  64  4:55  Roach  
  64  4:57  Roach  
  68  5:00  Overlord  
  68  5:08  Drone  
  68  5:09  Drone  
  68  5:13  Overlord  
  70  5:15  Roach  
  70  5:17  Roach  
  70  5:20  Roach  
  76  5:22  Roach  
  76  5:25  Overlord  
  76  5:26  Hive  
  78  5:28  Overlord  
  78  5:58  Corruptor x2  
  78  5:59  Overlord  
  78  6:01  Corruptor  
  78  6:02  Overlord  
  84  6:11  Evolution Chamber, Drone  
  84  6:13  Evolution Chamber, Drone  
  84  6:15  Zergling x2  
  84  6:16  Zergling x2  
  84  6:18  Zergling x2, Corruptor  
  87  6:19  Zergling x2  
  87  6:21  Zergling x2  
  87  6:23  Zergling x2  
  92  6:29  Drone  
  93  6:39  Hydralisk Den  
  92  6:40  Drone  
  92  6:41  Extractor  
  92  6:42  Drone  
  92  6:43  Evolution Chamber  
  92  6:44  Extractor, Drone  
  92  6:46  Drone  
  93  6:49  Hatchery  
  93  6:51  Drone  
  93  7:05  Drone x2  
  93  7:06  Drone  
  93  7:08  Drone x2  
  97  7:09  Hydralisk, Drone  
  97  7:10  Overseer, Hydralisk  
  97  7:11  Hydralisk  
  105  7:25  Greater Spire  
  105  7:47  Metabolic Boost  
  105  7:56  Spine Crawler  
  105  7:57  Zerg Melee Weapons Level 1  
  104  8:00  Queen, Spine Crawler  
  104  8:02  Drone x2  
  104  8:03  Drone x2  
  104  8:04  Drone x2  
  104  8:05  Overlord, Drone x2  
  113  8:06  Drone x2  
  113  8:07  Drone x2  
  113  8:08  Drone  
  113  8:09  Zerg Missile Weapons Level 1, Drone x2  
  113  8:10  Drone  
  113  8:11  Drone  
  122  8:13  Extractor  
  122  8:15  Drone x2  
  122  8:18  Extractor  
  122  8:20  Hatchery  
  122  8:22  Zerg Ground Armor Level 1, Drone  
  122  8:25  Drone  
  122  8:26  Overlord, Drone  
  125  8:27  Drone  
  125  8:30  Baneling Nest  
  125  8:31  Drone  
  125  8:37  Brood Lord, Drone  
  125  8:38  Drone x2  
  130  8:42  Drone x2  
  130  8:43  Brood Lord, Drone  
  130  8:45  Overlord  
  135  8:52  Overseer  
  135  8:54  Infestor  
  137  9:03  Overlord  
  137  9:04  Infestor  
  139  9:14  Brood Lord, Spore Crawler  
  139  9:15  Baneling  
  140  9:17  Spore Crawler  
  140  9:19  Corruptor  
  140  9:20  Spore Crawler  
  140  9:22  Baneling, Overlord  
  140  9:23  Baneling  
  140  9:24  Baneling  
  140  9:26  Baneling, Zergling x2  
  140  9:27  Baneling  
  140  9:29  Baneling  
  140  9:30  Baneling, Zergling x2  
  142  9:32  Baneling  
  142  9:33  Drone  
  142  9:34  Drone x2  
  142  9:35  Zergling x2  
  142  9:36  Baneling x2  
  142  9:37  Baneling, Zergling x2  
  147  9:40  Baneling, Overlord, Zergling x2  
  147  9:41  Baneling  
  147  9:42  Baneling  
  147  9:43  Zergling x2  
  147  9:44  Baneling, Zergling x2  
  149  9:46  Baneling  
  149  9:48  Baneling, Extractor, Zergling x2  
  149  9:49  Drone  
  149  9:50  Baneling  
  149  9:51  Baneling  
  149  9:52  Extractor, Zergling x2  
  151  9:55  Drone  
  151  9:56  Mutalisk  
  153  10:02  Mutalisk  
  153  10:05  Queen  
  153  10:06  Overlord  
  153  10:07  Zergling x2  
  153  10:08  Zergling x2  
  153  10:09  Zergling x2  
  153  10:10  Zergling x2  
  153  10:11  Zergling x2  
  153  10:12  Baneling  
  153  10:13  Zergling x2  
  147  10:14  Zergling x2  
  143  10:21  Baneling  
  143  10:22  Zergling x2  
  143  10:23  Baneling x2  
  143  10:24  Zergling x2  
  143  10:25  Baneling  
  143  10:26  Baneling x2  
  143  10:27  Zergling x2  
  143  10:28  Baneling, Zergling x2  
  147  10:29  Baneling  
  147  10:32  Centrifical Hooks  
  147  10:41  Brood Lord  
  149  10:43  Corruptor  
  151  10:56  Zergling x2  
  147  10:57  Zergling x2  
  147  10:58  Zergling x2  
  147  11:00  Zergling x2  
  147  11:01  Spine Crawler, Zergling x2  
  147  11:02  Corruptor, Drone  
  147  11:03  Zergling x2  
  141  11:04  Zergling x4  
  141  11:05  Zergling x4  
  141  11:07  Overseer  
  141  11:10  Mutalisk, Roach x2  
  137  11:14  Hydralisk  
  137  11:16  Baneling, Zergling x2  
  137  11:17  Baneling  
  137  11:18  Mutalisk  
  134  11:20  Baneling, Zergling x2  
  134  11:21  Baneling  
  134  11:22  Baneling  
  134  11:23  Mutalisk, Zergling x2  
  134  11:24  Baneling  
  140  11:28  Mutalisk  
  140  11:32  Roach x2  
  132  11:33  Roach  
  132  11:36  Mutalisk  
  132  11:38  Hydralisk  
  134  11:41  Hydralisk  
  134  11:43  Baneling, Zergling x2  
  134  11:46  Brood Lord  
  139  11:47  Corruptor  
  139  11:51  Spine Crawler  
  139  11:53  Drone  
  141  11:54  Infestor  
  141  12:01  Infestor  
  143  12:02  Spine Crawler  
  143  12:03  Drone  
  143  12:04  Baneling  
  143  12:05  Baneling, Zergling x2  
  146  12:09  Baneling  
  146  12:10  Baneling, Zergling x2  
  146  12:11  Spine Crawler  
  146  12:13  Brood Lord  
  146  12:14  Drone  
  149  12:18  Corruptor  
  149  12:19  Baneling  
  149  12:20  Baneling  
  149  12:21  Zergling x2  
  152  12:23  Queen  
  152  12:27  Brood Lord  
  152  12:28  Overlord  
  156  12:31  Corruptor  
  156  12:35  Spore Crawler  
  156  12:36  Drone  
  158  12:39  Baneling  
  158  12:40  Baneling  
  158  12:41  Mutalisk, Zergling x2  
  158  12:43  Overseer  
  158  12:44  Overseer  
  155  12:51  Drone  
  155  12:53  Drone  
  155  12:54  Drone  
  155  12:55  Zergling x2  
  155  12:57  Zergling x2  
  155  12:58  Spine Crawler, Zergling x4  
  138  12:59  Drone  
  138  13:00  Zergling x2  
  138  13:01  Roach  
  138  13:02  Roach  
  138  13:03  Roach  
  138  13:04  Roach  
  138  13:05  Roach, Hydralisk  
  119  13:06  Hydralisk  
  119  13:07  Hydralisk  
  119  13:08  Corruptor  
  119  13:09  Zergling x2  
  119  13:10  Zergling x2  
  119  13:11  Zergling x2  
  118  13:13  Zergling x2  
  118  13:15  Spore Crawler  
  118  13:16  Drone  
  118  13:17  Drone  
  118  13:18  Brood Lord  
  117  13:25  Drone  
  117  13:27  Spine Crawler  
  117  13:28  Drone  
  117  13:31  Drone  
  117  13:33  Drone  
  115  13:34  Corruptor  
  115  13:41  Zergling x2  
  111  13:42  Zergling x2  
  111  13:44  Zergling x2  
  111  13:47  Zergling x2  
  105  13:50  Zergling x2  
  97  13:55  Roach  
  83  14:09  Hatchery  
  77  14:10  Brood Lord  
  77  14:20  Extractor  
  77  14:21  Hydralisk  
  77  14:25  Drone  
  77  14:30  Zergling x2  
  72  14:33  Zergling x2  
  55  14:38  Roach  
  55  14:40  Hatchery  
  55  14:45  Roach  
  56  14:54  Zergling x2  
  56  14:58  Zergling x2  
  43  15:49  Zergling x2  
  44  16:00  Zergling x2  
  45  16:07  Hatchery  
  44  16:18  Roach  
  46  16:36  Roach  
  48  16:40  Roach  
  48  16:44  Roach  
  52  16:48  Hatchery  
  52  16:49  Hydralisk  
  53  16:54  Hydralisk  
  53  16:59  Hydralisk  
  57  17:04  Hydralisk  
  57  17:07  Drone  
  60  17:10  Drone  
  60  17:12  Drone  
  60  17:15  Drone  
  63  17:17  Drone  
  63  17:20  Drone  
  65  17:23  Drone  
  65  17:25  Drone  
  65  17:28  Drone  
  68  17:30  Drone  
  68  17:33  Drone  
  68  17:36  Overseer  
  70  17:43  Corruptor  
  71  17:46  Zergling x2  
  72  17:53  Corruptor  
  74  18:04  Zergling x2  
  68  18:23  Roach  
  70  18:27  Roach  
  70  18:31  Roach  
  70  18:32  Roach, Zergling x2  
  69  18:35  Zergling x2  
  69  18:38  Hydralisk  
  60  18:45  Hydralisk Den  
  54  18:51  Zergling x2  
  35  19:24  Hatchery  
  34  19:35  Spawning Pool  
Tags
 
Add a new tag
Caveats
  • Supply blocks, unpowered buildings, or Contaminate may cause inaccurate times.
  • Supply counts are checked every 10 seconds.